 Dungeon Crawl Stone Soup version 0.17.1-3-g152610e (webtiles) character file.

102 Gargoyl the Skirmisher (level 4, -2/37 HPs)
             Began as a Demonspawn Abyssal Knight on Mar 8, 2016.
             Was a Follower of Lugonu.
             Slain by Sigmund
             ... wielding a +0 scythe
              (5 damage)
             ... on level 2 of the Dungeon.
             The game lasted 00:03:32 (1994 turns).

Gargoyl the Skirmisher (Demonspawn Abyssal Knight)  Turns: 1994, Time: 00:03:33

Health: -2/37      AC: 12    Str: 13    XL:     4   Next: 49%
Magic:  6/6        EV:  3    Int: 13    God:    Lugonu [*.....]
Gold:   162        SH:  0    Dex: 13    Spells: 0 memorised, 3 levels left

rFire  . . .     SeeInvis .     a - +1 hand axe
rCold  . . .     Clarity  .     k - +0 plate armour
rNeg   . . .     SustAt   .     (no shield)
rPois  .         Gourm    .     (helmet restricted)
rElec  .         Spirit   .     (no cloak)
rCorr  .         Warding  .     (no gloves)
rMut   .         Stasis   .     d - +0 pair of boots
MR     .....                    (no amulet)
Stlth  ..........               (no ring)
                                (no ring)

@: not resistant to hostile enchantments, extremely unstealthy
A: antennae 1, spiny 1
a: Depart the Abyss, Renounce Religion


You were on level 2 of the Dungeon.
You worshipped Lugonu.
Lugonu was aware of your devotion.
You were hungry.

You visited 1 branch of the dungeon, and saw 2 of its levels.
You visited the Abyss 1 time.

You collected 162 gold pieces.

Inventory:

Hand Weapons
 a - a +1 hand axe (weapon)
Armour
 d - a +0 pair of boots (worn)
 k - a +0 plate armour (worn)
Scrolls
 b - a scroll of blinking {unknown}
 e - a scroll of immolation {unknown}
 f - 2 scrolls of teleportation {unknown}
 g - a scroll of magic mapping {unknown}
 i - 5 scrolls of identify {unknown}
 j - a scroll of recharging {unknown}
Comestibles
 c - a bread ration


   Skills:
 + Level 4.1 Fighting
 + Level 2.1 Axes
 + Level 2.6 Armour
 + Level 1.1 Dodging
 + Level 3.2 Invocations


You had 3 spell levels left.
You didn't know any spells.

Dungeon Overview and Level Annotations

Branches:
Dungeon (2/15)

Altars:

Annotations:
D:2 Sigmund


Innate Abilities, Weirdness & Mutations

You have a pair of small antennae on your head.
You are partially covered in sharp spines.


Message History

The puff of flame hits you!
You hear some strange, mumbled words.
A puff of flame appears from out of thin air!
The puff of flame hits you! Something hits you.
You feel less confused.
You hear some strange, mumbled words.
You are confused.
Something hits you!
* * * LOW HITPOINT WARNING * * *
Something hits you!
* * * LOW HITPOINT WARNING * * *
You aren't carrying any potions.
Unknown command.
You're too confused!
Unknown command.
Something hits you but does no damage.
You feel less confused. Something hits you.
You die...

##################
..................
..................
..................
...(....@.........
###'#.{.......... #
#...)........ #####
#............###....
#............#......
####.#########...<..
#####.....#####......
.............##.....#.
...........)...รท).....


There were no monsters in sight!

Vanquished Creatures
  Terence (D:2)
  A gnoll (D:1)
  4 adders (D:2)
  2 worms (D:2)
  2 bats (D:1)
  2 goblins (D:1)
  8 hobgoblins
  A giant newt (D:1)
  3 kobolds
  5 rats
29 creatures vanquished.

Notes
Turn   | Place    | Note
--------------------------------------------------------------
     0 | Abyss:1  | Gargoyl the Demonspawn Abyssal Knight began the quest for the Orb.
     0 | Abyss:1  | Reached XP level 1. HP: 18/18 MP: 2/2
   148 | Abyss:1  | Noticed a small abomination
   162 | D:1      | Escaped the Abyss
   709 | D:1      | Reached skill level 1 in Dodging
   709 | D:1      | Gained mutation: You have a pair of small antennae on your head. [demonic ancestry]
   709 | D:1      | Reached XP level 2. HP: 16/24 MP: 3/3
  1013 | D:1      | Reached * piety under Lugonu
  1333 | D:2      | Gained mutation: You are partially covered in sharp spines. [demonic ancestry]
  1333 | D:2      | Reached XP level 3. HP: 10/30 MP: 5/5
  1740 | D:2      | Noticed Terence
  1748 | D:2      | Killed Terence
  1748 | D:2      | Reached skill level 4 in Fighting
  1748 | D:2      | Reached XP level 4. HP: 35/37 MP: 6/6
  1954 | D:2      | Noticed Sigmund
  1994 | D:2      | Slain by Sigmund

Action                   |  1- 3 |  4- 6 || total
-------------------------+-------+-------++-------
Melee: Hand axe          |    85 |    27 ||   112
Invok: Depart the Abyss  |     1 |       ||     1
  Use: Potion            |       |     1 ||     1
  Eat: Chunk             |     2 |     1 ||     3
